Map: Whispers of Gold

Players

llllllllllll - Winner!

  • Race: Protoss Protoss
  • League: Silver
  • Spawn Location: 9:00

benjamne

  • Race: Terran Terran
  • League: Silver
  • Spawn Location: 5:00

VOD

Have the link to the VOD?

Description

Time

  • Played on: April 24, 2025, 9:49 a.m.
  • Length: 3:39
Show
View Real Time Build Order
Export as new Build Order

llllllllllll Protoss - Winner!

Build Orders:  

Get SALT Encoding   

  12  0:00  Probe  
  13  0:13  Probe  
  14  0:19  Pylon  
  14  0:25  Probe  
  15  0:38  Gateway  
  15  0:42  Assimilator  
  15  0:50  Pylon  
  15  1:09  Gateway  
  15  1:15  Gateway  
  15  1:31  Cybernetics Core  
  15  1:38  Probe  
  16  1:50  Probe  
  17  1:55  Stalker x2  
  21  2:21  Stalker x2  
  25  2:48  Stalker  
  25  2:51  Probe  
  25  2:52  Stalker  
  30  3:04  Probe  
Show
View Real Time Build Order
Export as new Build Order

benjamne Terran 

Build Orders: 1/1/1 

Get SALT Encoding   

  12  0:00  SCV  
  13  0:12  SCV  
  14  0:17  Supply Depot  
  14  0:24  SCV  
  15  0:39  SCV  
  15  0:40  Barracks  
  16  0:45  Refinery  
  16  0:51  SCV  
  16  0:55  Refinery  
  17  1:03  SCV  
  18  1:18  SCV  
  19  1:27  Marine  
  19  1:30  Orbital Command  
  20  1:36  Factory  
  20  1:45  Supply Depot  
  20  1:48  Barracks Reactor  
  20  1:56  SCV  
  21  2:08  SCV  
  22  2:19  Factory Tech Lab  
  22  2:20  Starport  
  22  2:22  SCV  
  23  2:24  Marine x2  
  25  2:30  Supply Depot  
  24  2:46  Bunker  
  23  2:51  Bunker  
  23  2:54  Siege Tank  
  23  2:58  Marine x2  
  21  3:16  Marine  
Tags
 
Matchup
PvT
Opening
1/1/1
Replay Pack
kreditionep1
Spawn Locations
Cross Positions
Add a new tag
Caveats
  • Supply blocks, unpowered buildings, or Contaminate may cause inaccurate times.
  • Supply counts are checked every 10 seconds.